 Dungeon Crawl Stone Soup version 0.25-a0-949-gdd2af9e06e (webtiles) character file.

Game seed: 6056326031680788752, levelgen mode: deterministic

6076 Flugslaktarn the Cleaver (level 10, -7/90 HPs)
             Began as a Minotaur Fighter on May 8, 2020.
             Was a Priest of Qazlal.
             Killed from afar by a guardian serpent (23 damage)
             ... with a bolt of poison
             ... on level 9 of the Dungeon.
             The game lasted 00:04:32 (7309 turns).

Flugslaktarn the Cleaver (Minotaur Fighter)         Turns: 7309, Time: 00:04:33

Health: -7/90      AC: 22    Str: 23    XL:     10   Next: 57%
Magic:  13/13      EV:  3    Int:  6    God:    Qazlal [***...]
Gold:   504        SH: 21    Dex: 12    Spells: 9/9 levels left

rFire    + . .     SeeInvis .   a - +1 war axe
rCold    . . .     Gourm    .   u - +0 tower shield
rNeg     . . .     Faith    .   l - +0 plate armour
rPois    .         Spirit   .   (helmet restricted)
rElec    .         Reflect  .   A - +2 cloak
rCorr    .         Harm     .   b - +0 pair of gloves
MR       .....                  g - +2 pair of boots
Stlth    ..........             k - amulet of rage
HPRegen  0.25/turn              (no ring)
MPRegen  0.13/turn              (no ring)

@: lethally poisoned (-7 -> -12), slowed, very slow
A: retaliatory headbutt, horns 2, fire resistance 1, screaming 1, strong 1,
MP-powered wands
a: Upheaval, Elemental Force, Renounce Religion, Evoke Berserk Rage


You were on level 9 of the Dungeon.
You worshipped Qazlal.
Qazlal was most pleased with you.
You were near starving.

You visited 2 branches of the dungeon, and saw 10 of its levels.
You also visited: Ossuary.

You collected 609 gold pieces.
You spent 105 gold pieces at shops.

Inventory:

Hand Weapons
 a - a +1 war axe (weapon)
 y - a +2 hand axe of venom
   (You took it off an orc on level 5 of the Dungeon)
Armour
 b - a +0 pair of gloves (worn)
   (You found it on level 8 of the Dungeon)
 g - a +2 pair of boots (worn)
   (You found it on level 2 of the Dungeon)
 l - a +0 plate armour (worn)
   (You found it on level 6 of the Dungeon)
 n - a scarf of resistance
   (You found it on level 9 of the Dungeon)
 u - a +0 tower shield (worn)
   (You found it on level 4 of the Dungeon)
 A - a +2 cloak (worn)
   (You found it on level 4 of the Dungeon)
Jewellery
 k - an amulet of rage (around neck)
   (You found it on level 1 of the Dungeon)
Scrolls
 j - a scroll of random uselessness {unknown}
 m - 3 scrolls of magic mapping
 p - 5 scrolls of teleportation
 r - a scroll of identify
 v - 3 scrolls of blinking
 x - 5 scrolls of remove curse
Potions
 c - a potion of lignification
 d - 2 potions of might
 f - 3 potions of cancellation
 h - a potion of haste
 i - 2 potions of brilliance
 q - 6 potions of curing
 w - 2 potions of heal wounds
 B - a potion of flight {unknown}
 C - a potion of ambrosia {unknown}
Comestibles
 e - 15 rations


   Skills:
 + Level 8.8 Fighting
 * Level 11.3 Axes
 + Level 8.6 Armour
 + Level 8.7 Shields
 + Level 6.1 Invocations


You had 9 spell levels left.
You didn't know any spells.
Your spell library was empty.

Dungeon Overview and Level Annotations

Branches:
Dungeon (9/15)             Temple (1/1) D:6            Lair (0/6) D:9
Ossuary (visited)
    Orc: D:9-12

Altars:
Ashenzari
Dithmenos
Hepliaklqana
Okawaru
Qazlal
Ru
Sif Muna
Wu Jian

Shops:
D:4 ?


Innate Abilities, Weirdness & Mutations

You reflexively headbutt those who attack you in melee.
You have a pair of horns on your head.
Your flesh is heat resistant. (rF+)
You occasionally shout uncontrollably at your foes.
Your muscles are strong. (Str +2)
You expend magic power (3 MP) to strengthen your wands.


Message History

The guardian serpent hits you.
You block the guardian serpent's attack.
You slash the guardian serpent!
The guardian serpent is severely wounded.
You block the guardian serpent's attack.
The guardian serpent coils itself and waves its upper body at you.
You feel as though you will be slow longer.
Your +2 hand axe of venom stops dripping with poison.
a - a +1 war axe (weapon)
The guardian serpent casts a spell at you.
The bolt of poison hits you!!
You are poisoned.
* * * LOW HITPOINT WARNING * * *
You feel better.
The guardian serpent looks more healthy.
You block the guardian serpent's attack.
The guardian serpent coils itself and waves its upper body at you.
The bolt of poison hits you!!
You are poisoned.
You die...

######..# #.. #..#
#.# .### ##.# ##..
.... #.###..# ####
#..##..# #(!#
#..##..# #!$+
###..###.# #[(# #
#........######..#
+<...........@S...#
.
##........######..#
............. #
#.######......# ...
#......# ##
#......# #...####
##..


You could see a guardian serpent.

Vanquished Creatures
  3 death yaks (D:9)
  2 kobold demonologists (D:9)
  4 hippogriffs
  2 sky beasts (D:7)
  5 ogres
  3 orc warriors
  2 ice beasts
  A centaur (D:5)
  3 big kobolds
  2 elf zombies (Ossuary)
  3 bullfrogs (D:7)
  A wyvern zombie (D:8)
  4 wights (D:9)
  A howler monkey (D:5)
  2 crimson imps
  2 centaur zombies
  A quasit (D:8)
  A bullfrog zombie (D:5)
  2 hounds
  A human zombie (Ossuary)
  3 orc priests
  2 jellies
  4 orc wizards
  2 iguanas (D:4)
  4 worker ants (D:4)
  2 hound skeletons
  A hound zombie (Ossuary)
  4 mummies
  A howler monkey zombie (D:7)
  3 gnolls (D:4)
  3 river rats (D:9)
  6 adders
  2 shadow imps (D:7)
  An ooze (D:1)
  4 adder zombies
  A worm (D:3)
  3 dart slugs
  4 leopard geckos
  18 orcs
  3 ball pythons
  7 bats
  4 giant cockroaches
  A gnoll zombie (Ossuary)
  7 hobgoblins
  2 jackals (D:1)
  10 kobolds
  5 quokkas
  2 frilled lizards
  A giant cockroach zombie (D:5)
  3 goblins
  5 goblin zombies
  6 hobgoblin zombies (Ossuary)
  A jackal skeleton (D:4)
  3 jackal zombies (Ossuary)
  A kobold zombie (Ossuary)
  2 orc zombies
  A quokka skeleton (D:8)
  6 quokka zombies
  6 rats
  2 rat zombies (Ossuary)
191 creatures vanquished.

Notes
Turn   | Place    | Note
-------+----------+-------------------------------------------
     0 | D:1      | Flugslaktarn the Minotaur Fighter began the quest for the
                  | Orb.
     0 | D:1      | Reached XP level 1. HP: 19/19 MP: 0/0
   182 | D:1      | Reached XP level 2. HP: 24/27 MP: 1/1
   310 | D:1      | Reached skill level 3 in Axes
   717 | D:1      | Reached XP level 3. HP: 33/33 MP: 2/2
  1407 | D:2      | Reached XP level 4. HP: 31/40 MP: 3/3
  1787 | D:3      | Reached skill level 4 in Axes
  1937 | D:3      | Found a stormy altar of Qazlal.
  2169 | D:3      | Became a worshipper of Qazlal Stormbringer
  2399 | D:4      | Reached XP level 5. HP: 42/47 MP: 4/4
  2442 | D:4      | Noticed an ogre
  2446 | D:4      | Killed an ogre
  2446 | D:4      | Reached skill level 1 in Invocations
  2532 | D:4      | Noticed an ogre
  2539 | D:4      | Killed an ogre
  2539 | D:4      | Reached skill level 5 in Axes
  2539 | D:4      | Reached XP level 6. HP: 50/55 MP: 4/6
  2586 | D:4      | Reached skill level 5 in Fighting
  2586 | D:4      | Reached skill level 5 in Armour
  2586 | D:4      | Reached skill level 5 in Shields
  2892 | D:4      | Found Coplazi's Magic Scroll Shop.
  2900 | D:4      | Bought a scroll of blinking for 75 gold pieces
  2900 | D:4      | Bought a scroll of teleportation for 30 gold pieces
  3074 | D:4      | Found an iron altar of Okawaru.
  3078 | D:4      | Reached XP level 7. HP: 61/61 MP: 7/7
  3311 | D:5      | Entered Level 5 of the Dungeon
  3415 | D:5      | Found a sand-covered staircase.
  3422 | D:5      | Reached skill level 6 in Axes
  3426 | Ossuary  | Entered an ossuary
  3447 | Ossuary  | Reached * piety under Qazlal
  3713 | Ossuary  | Reached ** piety under Qazlal
  3995 | D:5      | Reached skill level 7 in Axes
  3995 | D:5      | Reached XP level 8. HP: 68/70 MP: 9/9
  4228 | D:5      | Found an ornate altar of the Wu Jian Council.
  4366 | D:6      | Found a staircase to the Ecumenical Temple.
  4379 | Temple   | Entered the Ecumenical Temple
  5235 | D:7      | Noticed a hippogriff
  5243 | D:7      | Killed a hippogriff
  5243 | D:7      | Reached skill level 8 in Axes
  5413 | D:7      | Found a sacrificial altar of Ru.
  5465 | D:7      | Noticed a hippogriff
  5469 | D:7      | Reached XP level 9. HP: 75/78 MP: 11/11
  5531 | D:7      | Reached skill level 9 in Axes
  5535 | D:7      | Reached *** piety under Qazlal
  6221 | D:8      | Reached skill level 5 in Invocations
  6608 | D:9      | Reached skill level 10 in Axes
  6619 | D:9      | Noticed a kobold demonologist
  6622 | D:9      | Noticed a kobold demonologist
  6630 | D:9      | Killed a kobold demonologist
  6634 | D:9      | Gained mutation: You are frail. (-10% HP) [a neqoxec]
  6635 | D:9      | Gained mutation: You are dopey. (Int -2) [a neqoxec]
  6636 | D:9      | Gained mutation: You are very frail. (-20% HP) [a neqoxec]
  6640 | D:9      | Killed a kobold demonologist
  6640 | D:9      | Reached XP level 10. HP: 70/70 MP: 11/13
  6661 | D:9      | Lost mutation: You are very frail. (-20% HP) [potion of
                  | mutation]
  6661 | D:9      | Lost mutation: You are dopey. (Int -2) [potion of mutation]
  6661 | D:9      | Lost mutation: You are frail. (-10% HP) [potion of
                  | mutation]
  6661 | D:9      | Gained mutation: Your muscles are strong. (Str +2) [potion
                  | of mutation]
  6661 | D:9      | Gained mutation: You occasionally shout uncontrollably at
                  | your foes. [potion of mutation]
  6661 | D:9      | Gained mutation: You expend magic power (3 MP) to
                  | strengthen your wands. [potion of mutation]
  6661 | D:9      | Gained mutation: Your flesh is heat resistant. (rF+)
                  | [potion of mutation]
  6813 | D:9      | Found a staircase to the Lair.
  6813 | D:9      | Noticed a death yak
  6814 | D:9      | Noticed a death yak
  6814 | D:9      | Noticed a death yak
  6842 | D:9      | Killed a death yak
  6857 | D:9      | Killed a death yak
  6857 | D:9      | Reached skill level 11 in Axes
  6873 | D:9      | Killed a death yak
  7272 | D:9      | Found Puajuamm's Jewellery Boutique.
  7290 | D:9      | Noticed a guardian serpent
  7309 | D:9      | Killed from afar by a guardian serpent

Levels and vault maps discovered:
D:1:      sevenhm_arrival_forest_fort_large_2, layout_basic
D:2:      layout_basic
D:3:      layout_basic, lemuel_crystal_altar, first_ration,
          corexii_item_surrounded_by_moat, chequers_hall_statues_corner_a
D:4:      layout_loops_cross, okawaru_gym_becter, serial_shops,
          kennysheep_little_box
D:5:      layout_rooms, kennysheep_mini_moat, nicolae_ossuary_entry_giza
D:6:      layout_loops_cross, minmay_temple_entry_offerings, serial_park_tiny_1
D:7:      layout_basic, lemuel_doored_altar
D:8:      layout_loops_corners
D:9:      layout_basic, dpeg_lair_monsters, serial_curves, eino_curves_01,
          eino_curves_04, eino_curves_03, serial_shops, shop,
          blue_anna_alchemist [blue_anna_fruit_fields, blue_anna_fruit_fields],
          nrook_guardian_serpent_double
Temple:   regret_index_temple_mists

Skill      XL: |  1  2  3  4  5  6  7  8  9 10 |
---------------+-------------------------------+-----
Axes           | 3 4 5 7 8 10 11 | 11.3
Fighting       | 4 5 6 8 |  8.8
Armour         | 4 5 6 8 |  8.6
Shields        | 4 5 6 8 |  8.7
Invocations    | 1 2 3 4 5 6 |  6.1

Action                   |  1- 3 |  4- 6 |  7- 9 | 10-12 || total
-------------------------+-------+-------+-------+-------++-------
Melee: War axe           |    76 |    91 |   173 |       ||   340
       Headbutt          |     8 |    23 |    85 |    19 ||   135
       Hand axe          |       |       |   197 |    77 ||   274
  Use: Scroll            |       |     9 |     8 |       ||    17
       Potion            |       |       |       |     6 ||     6
  Eat: Chunk             |     2 |     1 |     6 |       ||     9
       Ration            |       |     1 |     2 |       ||     3
Armor: Scale mail        |    45 |    40 |    58 |       ||   143
       Plate armour      |       |       |    59 |    11 ||    70
       Chain mail        |       |       |     3 |       ||     3
Dodge: Dodged            |    25 |    14 |    33 |     5 ||    77
Block: Kite shield       |    51 |    17 |       |       ||    68
       Tower shield      |       |    52 |   283 |    65 ||   400

Table legend:
 A = Non-vault XP
 B = Vault XP
 C = Vault XP percentage of total XP
 D = Non-vault monster count
 E = Vault monster count
 F = Vault count percentage of total count
                 A         B        C        D         E       F
            +---------+---------+-------+---------+---------+-------
      Total |    5568 |    3112 |  35.9 |     143 |      48 |  25.1
            +---------+---------+-------+---------+---------+-------
        D:1 |      55 |       0 |   0.0 |      28 |       0 |   0.0
        D:2 |      72 |       0 |   0.0 |      11 |       0 |   0.0
        D:3 |      31 |       0 |   0.0 |       6 |       0 |   0.0
        D:4 |     627 |       0 |   0.0 |      19 |       0 |   0.0
        D:5 |     528 |      20 |   3.6 |      17 |       3 |  15.0
        D:6 |     237 |       0 |   0.0 |      10 |       0 |   0.0
        D:7 |    1928 |       0 |   0.0 |      27 |       0 |   0.0
        D:8 |     810 |       0 |   0.0 |      14 |       0 |   0.0
        D:9 |    1280 |    2701 |  67.8 |      11 |      11 |  50.0
    Ossuary |       0 |     391 | 100.0 |       0 |      34 | 100.0
            +---------+---------+-------+---------+---------+-------
